 Dungeon Crawl Stone Soup version 0.26.0-16-gc1dbca0489 (webtiles) character file.

Game seed: 3270394326680450045

173 Zneb the Shield-Bearer (level 5, -1/46 HPs)
             Began as a Hill Orc Fighter on Jan 16, 2021.
             Slain by Sigmund
             ... wielding a cursed -2 scythe
              (7 damage)
             ... on level 3 of the Dungeon on Jan 18, 2021.
             The game lasted 00:17:07 (3461 turns).

Zneb the Shield-Bearer (Hill Orc Fighter)           Turns: 3461, Time: 00:17:07

Health: -1/46      AC:  7    Str: 19    XL:     5   Next: 53%
Magic:  5/5        EV:  5    Int:  8    God:
Gold:   252        SH: 14    Dex: 11    Spells: 4/4 levels left

rFire    . . .     SeeInvis .   a - +0 trident
rCold    . . .     Faith    .   j - +0 tower shield
rNeg     . . .     Spirit   .   b - +0 scale mail
rPois    .         Reflect  .   (no helmet)
rElec    .         Harm     .   (no cloak)
rCorr    .         Rampage  .   (no gloves)
Will     .....                  (no boots)
Stlth    ..........             (no amulet)
HPRegen  0.15/turn              e - ring of wizardry
MPRegen  0.09/turn              (no ring)

@: attractive
A: no striking features
a: no special abilities


You were on level 3 of the Dungeon.
You visited 1 branch of the dungeon, and saw 3 of its levels.

You collected 252 gold pieces.

Inventory:

Hand Weapons
 a - a +0 trident (weapon)
 t - a +4 quarterstaff of chaos
Missiles
 m - 123 stones (quivered)
Armour
 b - a +0 scale mail (worn)
 c - a +0 kite shield
 j - a +0 tower shield (worn)
Jewellery
 e - a ring of wizardry (left hand)
 k - an uncursed ring of magical power {unknown}
Scrolls
 f - 3 scrolls of blinking {unknown}
 g - a scroll of fog {unknown}
 h - 3 scrolls of amnesia {unknown}
 i - 3 scrolls of teleportation {unknown}
 l - 4 scrolls of identify {unknown}
 o - a scroll of remove curse {unknown}
 p - a scroll of enchant weapon {unknown}
 q - 3 scrolls of noise {unknown}
 u - a scroll of magic mapping {unknown}
Potions
 d - a potion of might
 n - 3 potions of flight {unknown}
 s - a potion of brilliance {unknown}


   Skills:
 + Level 4.2 Fighting
 + Level 3.8 Polearms
 + Level 3.9 Armour
 + Level 0.3 Dodging
 + Level 0.8 Stealth
 + Level 4.6 Shields


You had 4 spell levels left.
You didn't know any spells.
Your spell library was empty.

Dungeon Overview and Level Annotations

Branches:
Dungeon (3/15)

Altars:
Hepliaklqana
Kikubaaqudgha
Okawaru
Yredelemnul

Annotations:
D:3 Sigmund


Message History

Something is pulled toward you! The orc is pulled toward you!
Something is pulled toward you!
The orc throws a boomerang.
The boomerang completely misses you.
The weapon returns to the orc!
Something hits you but does no damage. The orc is pulled toward you!
You block the orc's attack. Something hits you but does no damage.
Something is pulled toward you!
The orc throws a boomerang.
You block the boomerang.
The weapon returns to the orc!
Something is pulled toward you! Something hits you but does no damage.
The orc throws a boomerang.
You block the boomerang.
The weapon returns to the orc!
Something is pulled toward you! The orc is pulled toward you!
The orc throws a boomerang.
You block the boomerang.
The weapon returns to the orc!
Something hits you but does no damage. Something is pulled toward you!
The orc is pulled toward you!
The orc throws a boomerang.
You block the boomerang.
The weapon returns to the orc!
Something is pulled toward you! The orc is pulled toward you!
Something hits you!
You die...

### ### ## #.##########.# #.
#........)...# #.
#.##########.# #. #.# #.# #.
#.### #.# #. #.#.# #†# #.
#######.#.########.######.
#..........@...............)
#.####..>.#.########........
#..............# #........
#.........o....# #........
###..............#####.######.
........>..................##.
###.............#####.###..#.
#............#### #........
#.##†.######## ######..#


You could see an orc.

Vanquished Creatures
  Crazy Yiuf (D:3)
  Jessica (D:3)
  A worker ant (D:2)
  3 adders
  2 dart slugs (D:1)
  3 leopard geckos
  2 orcs (D:3)
  4 bats
  2 giant cockroaches
  7 hobgoblins
  11 frilled lizards
  8 goblins
  12 kobolds
  8 rats
65 creatures vanquished.

Notes
Turn   | Place    | Note
-------+----------+-------------------------------------------
     0 | D:1      | Zneb the Hill Orc Fighter began the quest for the Orb.
     0 | D:1      | Reached XP level 1. HP: 19/19 MP: 1/1
   203 | D:1      | Reached XP level 2. HP: 26/27 MP: 2/2
   227 | D:1      | Upgraded the game from 0.26.0-15-gc6cd9f700b to
                  | 0.26.0-16-gc1dbca0489
   788 | D:1      | Reached XP level 3. HP: 33/33 MP: 3/3
  1889 | D:2      | Reached XP level 4. HP: 40/40 MP: 4/4
  2479 | D:3      | Found a runed translucent door.
  2480 | D:3      | Noticed Crazy Yiuf
  2489 | D:3      | Killed Crazy Yiuf
  2490 | D:3      | Reached XP level 5. HP: 40/46 MP: 5/5
  2991 | D:3      | Noticed Jessica
  2995 | D:3      | Killed Jessica
  3201 | D:3      | Found an iron altar of Okawaru.
  3367 | D:3      | Found an ancient bone altar of Kikubaaqudgha.
  3367 | D:3      | Found a hazy altar of Hepliaklqana.
  3367 | D:3      | Found a basalt altar of Yredelemnul.
  3389 | D:3      | Noticed Sigmund
  3461 | D:3      | Slain by Sigmund

Illustrated notes

Levels and vault maps discovered:
D:1:      saegor_arrival_simple_a, layout_basic, glass_columns_a,
          minmay_lizard_king
D:2:      layout_rooms, minmay_heptomino_h4
D:3:      layout_basic, lemuel_round_altar, gammafunk_temple_overflow_claw,
          uniq_crazy_yiuf_cottage, uniq_sigmund, uniq_jessica

Skill      XL: |  1  2  3  4 |
---------------+-------------+-----
Shields        | 4 |  4.6
Fighting       | 4 |  4.2
Polearms       | 3 |  3.8
Armour         | |  3.9
Dodging        | |  0.3
Stealth        | |  0.8

Action                   |  1- 3 |  4- 6 || total
-------------------------+-------+-------++-------
Melee: Trident           |   154 |   129 ||   283
Throw: Stone             |       |     8 ||     8
  Use: Potion            |       |     1 ||     1
Armor: Scale mail        |    70 |    59 ||   129
Dodge: Dodged            |    42 |    25 ||    67
Block: Kite shield       |    51 |       ||    51
       Tower shield      |    75 |   116 ||   191
